 Dungeon Crawl Stone Soup version 0.27.0-1-g7a089689b8 (webtiles) character file.

Game seed: 6700877259188189062

211 Brandom the Ducker (level 5, -6/45 HPs)
             Began as a Ghoul Conjurer on Aug 8, 2021.
             Was a Follower of Wu Jian.
             Mangled by an ogre (16 damage)
             ... on level 4 of the Dungeon.
             The game lasted 00:13:23 (5945 turns).

Brandom the Ducker (Ghoul Conjurer)                 Turns: 5945, Time: 00:13:23

Health: -6/45      AC:  3    Str: 12    XL:     5   Next: 88%
Magic:  4/6        EV: 12    Int: 13    God:    Wu Jian [*.....]
Gold:   125        SH:  0    Dex:  7    Spells: 6/7 levels left

rFire    . . .     SeeInvis .     - Unarmed
rCold    + . .     Faith    .   (no shield)
rNeg     + + +     Spirit   .   a - +0 robe
rPois    ∞         Reflect  .   k - +0 helmet
rElec    .         Harm     .   (no cloak)
rCorr    .         Rampage  .   (no gloves)
Will     .....                  (no boots)
Stlth    ++........             (no amulet)
HPRegen  0.00/turn              (no ring)
MPRegen  0.10/turn              (no ring)

@: inhibited regen
A: claws 1, cold resistance 1, negative energy resistance 3, inhibited
regeneration, torment resistance 2
a: Renounce Religion


You were on level 4 of the Dungeon.
You worshipped Wu Jian.
Wu Jian was aware of your devotion.
You visited 1 branch of the dungeon, and saw 4 of its levels.

You collected 125 gold pieces.

Inventory:

Armour
 a - a +0 robe (worn)
 k - a +0 helmet (worn)
   (You took it off Robin on level 3 of the Dungeon)
Scrolls
 b - 2 scrolls of teleportation {unknown}
 c - a scroll of enchant armour {unknown}
 f - a scroll of enchant weapon {unknown}
 g - a scroll of amnesia {unknown}
Potions
 d - a potion of magic {unknown}
 e - a potion of flight {unknown}
 h - 2 potions of curing {@q1}
 i - a potion of haste {unknown}
 j - a potion of resistance {unknown}


   Skills:
 + Level 3.2 Fighting
 + Level 3.4 Dodging
 - Level 2.1 Stealth
 + Level 3.2 Unarmed Combat
 - Level 1.7 Spellcasting
 - Level 3.2 Conjurations


You had 6 spell levels left.
You knew the following spells:

 Your Spells              Type           Power      Damage    Failure   Level
a - Magic Dart            Conj           36%        1d4       7%          1

Your spell library contained the following spells:

 Spells                   Type           Power      Damage    Failure   Level
 Searing Ray              Conj           18%        3d3       11%         2
 Dazzling Flash           Conj/Hex       10%        N/A       38%         3
 Fulminant Prism          Conj/Hex       2%         3d6       80%         4
 Iskenderun's Mystic Bla  Conj/Tloc      5%         2d3       80%         4


Dungeon Overview and Level Annotations

Branches:
Dungeon (4/15)
 Temple: D:4-7

Altars:
Elyvilon
Fedhas
Wu Jian

Annotations:
D:3 exclusion: oklob plant


Innate Abilities, Weirdness & Mutations

You thrive by killing the living.
You are immune to poison.
You have sharp fingernails.
Your flesh is cold resistant. (rC+)
You are immune to negative energy. (rN+++)
You do not regenerate when monsters are visible.
You are immune to unholy pain and torment.


Message History

No target in view!
No target in view!
No target in view!
No target in view!
No target in view!
No target in view!
No target in view!
No target in view!
No target in view!
No target in view!
No target in view!
No target in view!
No target in view!
No target in view!
No target in view!
No target in view!
No target in view!
No target in view!
No target in view!
No target in view!
No target in view!
You see here a hobgoblin corpse.
Found 11 stones.
Found a stone staircase leading down.
Found a robe.
An ogre comes into view. It is wielding a +0 giant spiked club.
The ogre shouts!
Aim: an ogre, wielding a +0 giant spiked club (100% to hit)
The magic dart hits the ogre.
Aim: an ogre, wielding a +0 giant spiked club (lightly wounded, 100% to hit)
The magic dart hits the ogre.
Aim: an ogre, wielding a +0 giant spiked club (lightly wounded, 100% to hit)
The magic dart hits the ogre.
Aim: an ogre, wielding a +0 giant spiked club (lightly wounded, 100% to hit)
The magic dart hits the ogre.
Aim: an ogre, wielding a +0 giant spiked club (moderately wounded, 100% to hit)
The magic dart hits the ogre.
You barely miss the ogre.
The ogre hits you with a +0 giant spiked club!!
You scratch the ogre. The ogre closely misses you.
You scratch the ogre. You closely miss the ogre.
The ogre hits you with a +0 giant spiked club!
* * * LOW HITPOINT WARNING * * *
Okay, then.
You scratch the ogre. The ogre closely misses you.
You barely miss the ogre. You scratch the ogre.
The ogre hits you with a +0 giant spiked club!
You die...

....# ....##
#... #.####.
.....###...
#...... .....
..... #....#
.... ....##
##...# ...#
#...###(...#
...##
#...##....#
....##
#.........#
[#...#
#.....@..## ###
###..###
#..####O..###.#
###..####.##
##..#...##
#...##..#
##..#...#
##>.....#
#.....##
##.....##
##.....#
#..####.###
#.....## #..##
##..###.....#
#..#
##..#.....##


You could see an ogre.

Vanquished Creatures
  Robin (D:3)
  7 adders
  3 gnolls
  A howler monkey skeleton (D:3)
  A worm (D:3)
  2 dart slugs (D:1)
  8 orcs
  6 ball pythons
  6 endoplasms
  2 giant cockroaches
  12 goblins
  7 hobgoblins
  5 jackals
  5 kobolds
  2 quokkas
  2 bats
  3 frilled lizards
  9 rats
82 creatures vanquished.

Vanquished Creatures (others)
  3 withered plants (D:2)
3 creatures vanquished.

Grand Total: 85 creatures vanquished

Notes
Turn   | Place    | Note
-------+----------+-------------------------------------------
     0 | D:1      | Brandom the Ghoul Conjurer began the quest for the Orb.
     0 | D:1      | Reached XP level 1. HP: 14/14 MP: 2/2
   387 | D:1      | Reached XP level 2. HP: 17/22 MP: 0/3
   476 | D:1      | Reached skill level 1 in Fighting
   476 | D:1      | Reached skill level 1 in Unarmed Combat
   986 | D:1      | Reached XP level 3. HP: 28/28 MP: 0/4
  2160 | D:2      | HP: 1/29 [gnoll (9)]
  2473 | D:2      | Reached XP level 4. HP: 36/36 MP: 2/5
  2671 | D:2      | Found a faded altar of an unknown god.
  2679 | D:2      | Became a worshipper of the Wu Jian Council
  2679 | D:2      | Reached * piety under Wu Jian
  3916 | D:2      | Reached XP level 5. HP: 19/42 MP: 2/6
  4568 | D:3      | Noticed Robin
  4801 | D:3      | Killed Robin
  5113 | D:3      | Found an ornate altar of the Wu Jian Council.
  5529 | D:3      | Found a blossoming altar of Fedhas.
  5547 | D:3      | Noticed an oklob plant
  5909 | D:4      | Noticed an ogre
  5945 | D:4      | Mangled by an ogre

Illustrated notes

Levels and vault maps discovered:
D:1:      psy_arrival_conway, layout_basic
D:2:      layout_rooms, ebering_ecumenical_altar_petrified
D:3:      layout_basic, tgw_fedhas, mainiacjoe_overflow_divided_tiny, uniq_robin
D:4:      layout_layer_cave, minmay_temple_entry_statues_fountains,
          ebering_dispersal_statue_hall

Skill      XL: |  1  2  3  4  5 |
---------------+----------------+-----
Dodging        | 2 3 |  3.4
Fighting       | 1 2 3 |  3.2
Unarmed Combat | 1 2 3 |  3.2
Stealth        | |  2.1
Spellcasting   | |  1.7
Conjurations   | |  3.2

Action                   |  1- 3 |  4- 6 || total
-------------------------+-------+-------++-------
Melee: Unarmed           |    97 |   184 ||   281
 Cast: Magic Dart        |    47 |    73 ||   120
Invok: Whirlwind         |       |     8 ||     8
       Lunge             |       |     5 ||     5
  Use: Potion            |       |     1 ||     1
 Stab: Sleeping          |     2 |       ||     2
Armor: Robe              |    11 |    36 ||    47
Dodge: Dodged            |    47 |   116 ||   163
